 Dungeon Crawl Stone Soup version 0.30-a0-924-g0ad0bf95bc (webtiles) character file.

Game seed: 4403891450978723524

140 cforsyth the Trooper (level 5, -14/42 HPs)
             Began as a Human Fighter on Mar 23, 2023.
             Killed from afar by Grinder (20 damage)
             ... with a bolt of light
             ... on level 3 of the Dungeon.
             The game lasted 00:02:15 (2183 turns).

cforsyth the Trooper (Human Fighter)                Turns: 2183, Time: 00:02:16

Health: -14/42     AC:  8    Str: 18    XL:     5   Next: 47%
Magic:  5/5        EV:  9    Int:  9    God:
Gold:   236        SH:  5    Dex: 12    Spells: 4/4 levels left

rFire   . . .      SeeInvis .    a - +0 flail
rCold   . . .      Faith    .    c - +0 buckler
rNeg    . . .      Spirit   .    b - +0 scale mail
rPois   .          Reflect  .    (no helmet)
rElec   .          Rampage  .    (no cloak)
rCorr   .                        (no gloves)
Will    .....                    m - +0 pair of boots Stlth
                                 (no amulet)
HPRegen 0.27/turn                (no ring)
MPRegen 0.09/turn                (no ring)

@: no status effects
A: no striking features
a: no special abilities


You were on level 3 of the Dungeon.
You visited 1 branch of the dungeon, and saw 3 of its levels.

You collected 236 gold pieces.

Inventory:

Hand Weapons
 a - a +0 flail (weapon)
Armour
 b - a +0 scale mail (worn)
 c - a +0 buckler (worn)
 m - a +0 pair of boots (worn)
Jewellery
 f - a ring of positive energy
Scrolls
 e - 5 scrolls of identify {unknown}
 i - a scroll of poison {unknown}
 j - 3 scrolls of teleportation {unknown}
 k - a scroll of amnesia {unknown}
 n - a scroll of fear {unknown}
 r - a scroll of magic mapping {unknown}
 t - a scroll of vulnerability {unknown}
Potions
 d - 3 potions of might
 g - 2 potions of curing {unknown}
 h - 2 potions of berserk rage {unknown}
 l - a potion of lignification {unknown}
 o - a potion of cancellation {unknown}
 p - a potion of heal wounds {unknown}
 q - a potion of degeneration {unknown}
 s - a potion of flight {unknown}


   Skills:
 + Level 3.9 Fighting
 + Level 3.0 Maces & Flails
 + Level 3.8 Armour
 + Level 3.8 Shields


You had 4 spell levels left.
You didn't know any spells.
Your spell library was empty.

Dungeon Overview and Level Annotations

Branches:
Dungeon (3/15)

Altars:

Annotations:
D:3 Grinder


Message History

You block the hobgoblin's attack. The rat bites you but does no damage.
The hobgoblin closely misses you.
You barely miss the hobgoblin. The rat barely misses you.
The hobgoblin hits you but does no damage.
You thump the hobgoblin!
You kill the hobgoblin!
You block the rat's attack.
You hit the rat.
You kill the rat!
No target in view!
No target in view!
No target in view!
No target in view!
No target in view!
No target in view!
Something tries to affect you, but you resist.
There is a strange disturbance nearby!
There is a strange disturbance nearby!
No target in view!
No target in view!
No target in view!
No target in view!
No target in view!
No target in view!
No target in view!
No target in view!
You hear a zap.
A bolt of light appears from out of thin air!
The bolt of light hits you!!
You see here a hobgoblin corpse.
You miss something.
You hear a zap.
A bolt of light appears from out of thin air!
The bolt of light hits you!!
* * * LOW HITPOINT WARNING * * *
You see here a hobgoblin corpse.
You hear a zap.
A bolt of light appears from out of thin air!
The bolt of light hits you!!
You die...

#.. .. #.# ..
#.##.## #.#...
#.#.. #{#.#
#.######.#.######.
#......ยง@.........
# ##########..####.
... . #..# ... #
#..# ... # #..# #.#
## ##..# #.####.
##...## # #......
###[....#
#.##.####.
#......##
#...)..)..


There were no monsters in sight!

Vanquished Creatures
  2 orc wizards (D:3)
  2 adders
  A worm (D:2)
  A dart slug (D:2)
  4 orcs (D:3)
  6 bats
  2 endoplasms (D:1)
  2 giant cockroaches
  10 goblins
  13 hobgoblins
  2 quokkas (D:2)
  2 ball pythons
  2 frilled lizards
  6 kobolds
  4 rats
  A spectral orc (D:3)
60 creatures vanquished.

Notes
Turn   | Place    | Note
-------+----------+-------------------------------------------
     0 | D:1      | cforsyth the Human Fighter began the quest for the Orb.
     0 | D:1      | Reached XP level 1. HP: 18/18 MP: 1/1
   183 | D:1      | Reached XP level 2. HP: 22/24 MP: 2/2
   747 | D:2      | Reached XP level 3. HP: 29/29 MP: 3/3
  1281 | D:2      | Reached XP level 4. HP: 34/35 MP: 4/4
  1688 | D:3      | Found a faded altar of an unknown god.
  1956 | D:3      | Reached XP level 5. HP: 39/42 MP: 5/5
  2168 | D:3      | Noticed Grinder
  2183 | D:3      | Killed from afar by Grinder

Illustrated notes

Levels and vault maps discovered:
D:1:      dpeg_arrival_ternary, layout_rooms, grunt_decor_fettered,
          hangedman_decor_riveting
D:2:      cheibrodos_greedy_goblins, layout_loops_ring, minmay_circle_x
D:3:      minmay_diamond_boxcup, layout_loops_ring,
          yredelemnul_forgotten_temple_becter,
          hellmonk_ecumenical_altar_prayer_group, uniq_grinder

Skill      XL: |  1  2  3  4  5 |
---------------+----------------+-----
Maces & Flails | 3 |  3.0
Fighting       | |  3.9
Armour         | |  3.8
Shields        | |  3.8

Action                     |  1- 3 |  4- 6 || total
---------------------------+-------+-------++-------
  Melee: Flail             |   104 |   101 ||   205
 Armour: Scale mail        |    47 |    46 ||    93
  Dodge: Dodged            |    48 |    44 ||    92
  Block: Buckler           |    20 |    19 ||    39

Table legend: (Time is in decaauts)
 A = Elapsed time spent in this place.
 B = Non-inter-level travel time spent in this place.
 C = Inter-level travel time spent in this place.
 D = Time resting spent in this place.
 E = Time spent auto-exploring this place.
 F = Levels seen in this place.
 G = Mean time per level.
                   A        B        C        D        E       F      G
               +--------+--------+--------+--------+--------+-----+--------+
         Total |   2247 |   2197 |     50 |      0 |   1724 |   3 |  749.0 |
       Dungeon |   2247 |   2197 |     50 |      0 |   1724 |   3 |  749.0 |
               +--------+--------+--------+--------+--------+-----+--------+

Top non-repeatable levels by time:
     D:2: 1015 daAuts
     D:3: 620 daAuts
     D:1: 612 daAuts
